 Dungeon Crawl Stone Soup version 0.29.0-13-gc9e81de378 (webtiles) character file.

Game seed: 14542566904785956352

226191 robertstho the Phalangite (level 19, 0/135 HPs)
             Began as a Tengu Berserker on Sept 7, 2022.
             Was a High Priest of Trog.
             Killed from afar by Ilsuiw (2 damage)
             ... with a shard of ice
             ... on level 2 of the Shoals.
             The game lasted 01:03:22 (43678 turns).

robertstho the Phalangite (Tengu Berserker)        Turns: 43678, Time: 01:03:22

Health: 0/135      AC: 26    Str: 25    XL:     19   Next: 35%
Magic:  20/20      EV: 12    Int: 13    God:    Trog [*****.]
Gold:   1462       SH: 21    Dex: 16    Spells: 18/18 levels left

rFire   . . .      SeeInvis +   m - +4 trident "Sibyeg" {flame, Int+5 Stlth+}
rCold   + + .      Faith    .   V - +2 tower shield {rC+}
rNeg    . . .      Spirit   .   N - +2 plate armour {rPois}
rPois   +          Reflect  +   b - +2 hat {Will+}
rElec   .          Harm     .   z - scarf {+Inv}
rCorr   .          Rampage  .   u - +4 pair of gloves of Calculation {rC+}
Will    ++...                   (boots unavailable)
Stlth   ..........              x - amulet of reflection
HPRegen 0.32/turn               n - ring of see invisible
MPRegen 0.17/turn               M - +4 ring of evasion

@: mighty, engulfed (cannot breathe), flying quickly and evasively, studying
Short Blades, quick
A: beak, talons 3, nimble flight, thin skeletal structure 1
}: 1/15 runes: gossamer
a: Renounce Religion, Evoke Invisibility, Berserk, Trog's Hand, Brothers in Arms


You were on level 2 of the Shoals.
You worshipped Trog.
Trog was extremely pleased with you.
You visited 7 branches of the dungeon, and saw 30 of its levels.
You also visited: Bailey and Ice Cave.

You collected 2958 gold pieces.
You spent 1496 gold pieces at shops.

Inventory:

Hand Weapons
 a - the +9 bardiche "Vabriani" {vorpal, rPois rC+}
   (You acquired it on level 10 of the Dungeon)

   It inflicts extra damage upon your enemies.
   rC:        It protects you from cold.
   rPois:     It protects you from poison.
 m - the +4 trident "Sibyeg" (weapon) {flame, Int+5 Stlth+}
   (You found it on level 13 of the Dungeon)

   It burns those it strikes, dealing additional fire damage.
   Int:       It affects your intelligence (+5).
   Stlth:     It makes you more stealthy.
 Q - the +8 bardiche of Hirecich {flame, Str+4}
   (Trog gifted it to you on level 1 of the Orcish Mines)

   It burns those it strikes, dealing additional fire damage.
   Big, fiery blades are also staple armaments of hydra-hunters.
   Str:       It affects your strength (+4).
Armour
 b - a +2 hat of willpower (worn)
 u - the +4 pair of gloves of Calculation (worn) {rC+}
   (You acquired it on level 14 of the Dungeon)

   rC:        It protects you from cold.
 z - a scarf of invisibility (worn)
 N - a +2 plate armour of poison resistance (worn)
 P - the +4 skin of Zhor {*Englaciate rC+++ SInv}
   (You found it on level 3 of the Lair of Beasts)

   It radiates cold, occasionally slowing all nearby creatures who are not
   resistant to cold.
   rC:        It renders you almost immune to cold.
   SInv:      It lets you see invisible.
 T - the +1 pair of gloves of Winter {rPois Str+2}
   (You found it on level 2 of the Lair of Beasts)

   Str:       It affects your strength (+2).
   rPois:     It protects you from poison.
 V - a +2 tower shield of cold resistance (worn)
Jewellery
 g - a ring of protection from cold
 n - a ring of see invisible (left hand)
 x - an amulet of reflection (around neck)
 H - a ring of protection from cold
 J - a ring of protection from fire
 L - a ring of willpower
 M - a +4 ring of evasion (right hand)
Wands
 B - a wand of digging (14)
 C - a wand of mindburst (46)
 E - a wand of iceblast (6)
Scrolls
 e - 7 scrolls of vulnerability
 f - 6 scrolls of teleportation
 h - 2 scrolls of fear
 i - 6 scrolls of fog
 o - 5 scrolls of magic mapping
 p - a scroll of blinking
 q - a scroll of silence
 w - a scroll of summoning
 y - 7 scrolls of immolation
 A - 4 scrolls of poison
 W - 11 scrolls of identify
 X - a scroll of enchant armour
Potions
 c - 5 potions of curing
 k - 4 potions of cancellation
 l - 8 potions of mutation
 r - 8 potions of ambrosia
 O - 2 potions of haste
 R - 4 potions of resistance
Miscellaneous
 d - a lightning rod (4/4)
 G - a tin of tremorstones (2/2)
 S - a condenser vane (inert)


   Skills:
 * Level 20.2 Fighting
 + Level 4.3 Long Blades
 + Level 23.4 Polearms
 + Level 15.9 Armour
 + Level 5.1 Dodging
 + Level 2.6 Stealth
 + Level 4.8 Shields
 + Level 1.3 Evocations


You had 18 spell levels left.
You didn't know any spells.
Your spell library was empty.

Dungeon Overview and Level Annotations

Branches:
Dungeon (15/15)            Temple (0/1) D:5            Lair (5/5) D:11
 Shoals (2/4) Lair:3       Spider (4/4) Lair:3        Slime (0/5) Lair:5
    Orc (2/2) D:9             Elf (1/3) Orc:2        Vaults (1/5) D:14
 Depths (0/4) D:15         Bailey (visited)           IceCv (visited)

Altars:
Ashenzari
Fedhas
Kikubaaqudgha
Okawaru
Ru
Trog
Uskayaw
Wu Jian
Xom
Jiyva

Shops:
D:1 (   D:4 ?   D:9 *   D:13 [(*   D:15 *:   Orc:1 (   Orc:2 =![*:   Shoals:1 [
Shoals:2 [

Portals:
Pandemonium: Orc:2
Trove: D:10 (give +3 gold dragon scales)

Annotations:
D:4 2 transporters
D:14 2 transporters, Gucebitu's ghost, journeyman DgHW
Shoals:2 Ilsuiw


Innate Abilities, Weirdness & Mutations

You have a beak for a mouth.
You have claws for feet.
Your magical nature lets you fly swiftly and evasively.
You have a somewhat thin skeletal structure. (Dex +2, Stealth+)


Message History

* * * LOW HITPOINT WARNING * * *
Your lungs strain for air!
The merfolk siren hits you from afar with a +0 spear.
* * * LOW HITPOINT WARNING * * *
You block Ilsuiw's attack. The water elemental misses you.
You feel better.
* * * LOW HITPOINT WARNING * * *
Your lungs strain for air!
The merfolk siren chants its luring song.
Ilsuiw casts a spell at you.
The shard of ice reflects off an invisible shield around you!
The shard of ice misses Ilsuiw.
You block the water elemental's attack.
Clouds of noxious fumes condense around you!
The condenser dries out!
* * * LOW HITPOINT WARNING * * *
Your lungs strain for air!
The merfolk siren is engulfed in noxious fumes.
The merfolk siren chants its luring song.
Ilsuiw is engulfed in noxious fumes.
You block Ilsuiw's attack. You block the water elemental's attack.
You feel better.
* * * LOW HITPOINT WARNING * * *
Your lungs strain for air!
The merfolk siren is engulfed in noxious fumes.
The merfolk siren appears confused.
The merfolk siren hits the water elemental with a +0 spear!!
The merfolk siren stops singing.
You are no longer entranced.
Ilsuiw is engulfed in noxious fumes.
You block Ilsuiw's attack. You block the water elemental's attack.
You feel better.
* * * LOW HITPOINT WARNING * * *
Your lungs strain for air!
The merfolk siren is engulfed in noxious fumes.
The merfolk siren appears confused.
The merfolk siren hits the water elemental with a +0 spear!
Ilsuiw is engulfed in noxious fumes.
Ilsuiw gestures at you while chanting. The shard of ice hits you.
You die...

≈≈≈≈≈≈≈≈≈≈≈≈≈≈≈
≈≈≈≈≈≈≈≈≈≈≈≈≈≈≈
≈≈≈≈≈≈≈≈≈≈≈≈≈≈≈~
≈≈≈≈≈≈≈≈≈≈≈≈≈≈≈~~
≈≈≈≈≈~~~~~~≈≈≈≈≈≈≈~~
≈≈≈≈≈~~~~~~§§§§§≈≈~~
≈≈≈≈≈~~~~~~~§m§m§≈≈≈~
≈≈≈≈~~~~~~~~§@E§§≈≈≈~
≈≈≈≈~~~~~~~~~~§§§~~≈~~
≈≈≈≈~~~~~~~~~~...~~~≈~~
≈≈≈~~~~~~~~~~.....~~≈≈≈
≈≈≈~~~~~~~~....#..~~≈≈≈
≈≈≈≈~~~~~~....###.~~~≈≈
≈≈≈≈≈~~~.#.~~..## ..~~≈~
≈≈≈≈~~~~.#..~...##.~~~~~~
≈≈≈≈~~~~~..~~~~...~~≈~~~~~


You could see Ilsuiw, a water elemental (summoned) and a merfolk siren
(confused).

Vanquished Creatures
  Rupert (Lair:4)
  Mlioglotl (Shoals:1)
  Frances (Spider:2)
  Kirke (Spider:2)
  The ghost of Lotaimix the Apostle, an adept HOFi of Beogh (Spider:4)
  Agnes (Spider:4)
  Roxanne (Spider:4)
  6 emperor scorpions
  3 ghost moths (Spider:4)
  The ghost of mdonais the Covert, a journeyman OpCA of Gozag (Lair:5)
  An orc warlord (Orc:1)
  The ghost of Cumomo the Carver, an adept SpEn of Kikubaaqudgha (Spider:3)
  2 very ugly things (Vaults:1)
  5 broodmothers
  An ironbound preserver (Vaults:1)
  3 reapers (IceCv)
  An ironbound thunderhulk (Vaults:1)
  2 entropy weavers (Spider:4)
  A minotaur (Lair:5)
  3 spark wasps
  Snorg (D:14)
  A fire dragon (Lair:5)
  2 yaktaur captains (Vaults:1)
  Josephine (D:12)
  3 vault guards (Vaults:1)
  8 boulder beetles
  8 hydras
  2 demonspawn (Orc:2)
  3 centaur warriors
  A jorogumo (Spider:3)
  A catoblepas (Lair:2)
  A death scarab (Spider:1)
  An alligator (Lair:5)
  3 tengu warriors
  8 death yaks
  6 orc high priests (Orc:2)
  2 fire crabs (shapeshifter) (D:14)
  A sixfirhy (D:12)
  2 sun moths
  3 skeletal warriors (D:15)
  6 pharaoh ants
  5 sea snakes
  7 steelbarb worms
  3 spriggan simulacra (IceCv)
  An obsidian statue (IceCv)
  4 swamp dragons
  A wizard (D:14)
  13 orb spiders
  5 harpies (Shoals:2)
  8 orc knights
  A deep elf zephyrmancer (D:15)
  2 deep elf pyromancers (D:12)
  9 orc sorcerers
  30 wolf spiders
  An oklob plant (Lair:3)
  5 fauns
  10 ugly things
  3 cyclopes
  A necromancer (D:15)
  7 manticores
  2 moths of wrath
  16 elephants
  3 merfolk sirens (Shoals:2)
  4 black mambas
  A centaur zombie (D:15)
  3 vault sentinels (Vaults:1)
  2 naga magi (D:15)
  A centaur skeleton (D:15)
  8 torpor snails
  13 cane toads
  Maggie (D:8)
  15 demonic crawlers
  An orange demon (Orc:2)
  10 rime drakes
  8 komodo dragons
  4 yaktaurs (Vaults:1)
  3 hellwings
  6 ice devils
  6 freezing wraiths (IceCv)
  3 tengu conjurers
  10 polar bears (Lair:5)
  6 merfolk
  4 trolls
  6 meliai (D:14)
  20 tarantellas
  2 wind drakes
  6 hornets
  4 raiju (Lair:5)
  17 slime creatures
  20 blink frogs
  2 snapping turtles
  7 dream sheep
  A centaur simulacrum (D:15)
  2 culicivoras (shapeshifter) (D:14)
  A spriggan (shapeshifter) (D:14)
  33 jumping spiders
  16 culicivoras
  A shadow (D:12)
  9 wyverns
  3 wraiths (D:12)
  4 vampires
  A dire elephant simulacrum (IceCv)
  4 basilisks
  A basilisk (shapeshifter) (D:12)
  17 yaks
  Grum (D:10)
  49 redbacks
  A hog (Spider:2)
  14 vampire mosquitoes
  3 minotaur simulacra (IceCv)
  6 steam dragons
  A neqoxec (D:12)
  A harpy simulacrum (IceCv)
  2 acid dragons
  13 hell hounds (Lair:5)
  11 water moccasins
  8 wargs
  A swamp drake (Lair:5)
  14 black bears
  2 sky beasts
  38 orc warriors
  3 ettin simulacra (IceCv)
  A tengu (shapeshifter) (D:13)
  6 ogres
  A centaur (shapeshifter) (D:14)
  11 centaurs
  23 wolves
  2 phantoms
  2 kobold brigands
  A gnoll sergeant (D:12)
  2 bullfrogs
  2 scorpions (D:7)
  3 deep troll simulacra (IceCv)
  3 necrophages
  12 wights
  5 howler monkeys
  5 electric eels
  A crimson imp (Spider:2)
  22 orc priests
  4 quasits (D:12)
  2 hounds
  13 jellies
  11 iguanas
  11 orc wizards
  13 gnolls
  9 adders
  A shadow imp (D:5)
  A white imp (D:6)
  An ufetubus (D:6)
  5 worms
  3 dart slugs
  92 orcs
  10 ball pythons
  19 endoplasms
  5 giant cockroaches
  13 goblins
  10 hobgoblins
  20 kobolds
  7 quokkas
  5 bats
  7 frilled lizards
  10 rats
  A bush (Lair:3)
1067 creatures vanquished.

Vanquished Creatures (collateral kills)
  A kraken (Shoals:2)
  A steelbarb worm (Spider:3)
  A spriggan simulacrum (IceCv)
  A bog body (IceCv)
  3 harpies (Shoals:2)
  A merfolk siren (Shoals:2)
  A rime drake (Lair:4)
  An ice devil (IceCv)
  A freezing wraith (IceCv)
  A merfolk (Shoals:2)
  A blink frog (Lair:4)
  A bullfrog (Lair:4)
  A deep troll simulacrum (IceCv)
  A lindwurm simulacrum (IceCv)
16 creatures vanquished.

Vanquished Creatures (others)
  A culicivora (Spider:4)
  2 humans (Spider:2)
  A howler monkey (D:13)
  An ufetubus (D:5)
  An orc (Orc:1)
  2 demonic plants (D:12)
  25 fungi
  75 plants
  2 withered plants (Spider:4)
110 creatures vanquished.

Grand Total: 1193 creatures vanquished

Notes
Turn   | Place    | Note
-------+----------+-------------------------------------------
     0 | D:1      | robertstho the Tengu Berserker began the quest for the Orb.
     0 | D:1      | Reached XP level 1. HP: 14/14 MP: 2/2
   186 | D:1      | Reached XP level 2. HP: 16/19 MP: 3/3
   612 | D:1      | Reached XP level 3. HP: 23/23 MP: 4/4
   652 | D:1      | Reached ** piety under Trog
   668 | D:1      | Found Fiorroq's Weapon Emporium.
  1222 | D:2      | Reached XP level 4. HP: 29/29 MP: 5/5
  1296 | D:2      | Reached skill level 4 in Polearms
  1487 | D:2      | Found a sacrificial altar of Ru.
  1919 | D:3      | You fall into a shaft and drop 2 floors!
  1919 | D:5      | Entered Level 5 of the Dungeon
  1952 | D:5      | Gained mutation: Your magical nature lets you fly swiftly
                  | and evasively. [Tengu growth]
  1952 | D:5      | Reached XP level 5. HP: 29/34 MP: 6/6
  2108 | D:5      | Noticed a vampire
  2154 | D:5      | Noticed a phantom
  2159 | D:4      | Found a transporter.
  2159 | D:4      | Noticed a black bear
  2248 | D:3      | Reached *** piety under Trog
  2249 | D:3      | Reached skill level 5 in Polearms
  2249 | D:3      | Reached XP level 6. HP: 39/39 MP: 7/7
  2815 | D:4      | Found a broken altar of Ashenzari.
  2815 | D:4      | Noticed an orc warrior
  2816 | D:4      | Noticed a wyvern
  2818 | D:4      | Found a transporter.
  2828 | D:4      | Killed a wyvern
  2829 | D:4      | Reached skill level 5 in Fighting
  3132 | D:4      | Found Tihuaqeth's Magic Scroll Emporium.
  3140 | D:4      | Bought a scroll of identify for 26 gold pieces
  3140 | D:4      | Bought a scroll of fear for 52 gold pieces
  3166 | D:4      | Reached XP level 7. HP: 44/44 MP: 8/8
  3186 | D:4      | Found an iron altar of Okawaru.
  3269 | D:4      | Found an ornate altar of the Wu Jian Council.
  3566 | D:4      | Reached skill level 6 in Polearms
  3798 | D:5      | Killed a vampire
  3874 | D:5      | Found a bloodstained altar of Trog.
  4029 | D:5      | Found a staircase to the Ecumenical Temple.
  4068 | D:5      | Reached skill level 5 in Armour
  4068 | D:5      | Reached XP level 8. HP: 40/51 MP: 6/9
  4523 | D:6      | Reached skill level 7 in Polearms
  4943 | D:6      | Noticed a wyvern
  4950 | D:6      | Killed a wyvern
  4973 | D:6      | Reached skill level 8 in Polearms
  5441 | D:6      | Reached **** piety under Trog
  5442 | D:6      | Reached XP level 9. HP: 54/57 MP: 8/10
  6414 | D:7      | Reached skill level 9 in Polearms
  7079 | D:8      | Noticed Maggie
  7089 | D:8      | Killed Maggie
  7090 | D:8      | Reached XP level 10. HP: 65/65 MP: 9/11
  7334 | D:8      | Found a sacrificial altar of Ru.
  7340 | D:8      | Reached skill level 10 in Polearms
  7442 | D:8      | Found a hide-covered altar of Uskayaw.
  7464 | D:8      | Reached skill level 1 in Stealth
  7479 | D:8      | Reached ***** piety under Trog
  8022 | D:9      | Paralysed by a hornet for 2 turns
  8229 | D:9      | Found a flagged portal.
  8234 | Bailey   | Entered a bailey
  8611 | Bailey   | Reached skill level 11 in Polearms
  8615 | Bailey   | Reached skill level 10 in Fighting
  8924 | Bailey   | Reached XP level 11. HP: 28/73 MP: 6/12
  9323 | D:9      | Found an ancient bone altar of Kikubaaqudgha.
  9345 | D:9      | Found Lyxkapp's Changing Room.
  9368 | D:9      | Bought a potion of mutation for 112 gold pieces
  9466 | D:9      | Found a staircase to the Orcish Mines.
  9880 | D:10     | Entered Level 10 of the Dungeon
  9954 | D:10     | Reached skill level 1 in Long Blades
 10037 | D:10     | Found a shimmering altar of Xom.
 10242 | D:10     | Noticed Grum
 10269 | D:10     | Killed Grum
 10324 | D:10     | Acquired the +9 bardiche "Vabriani" {vorpal, rPois rC+}
 10452 | D:10     | Found a portal to a secret trove of treasure.
 11199 | D:11     | Noticed a boulder beetle
 11222 | D:11     | Killed a boulder beetle
 11460 | D:11     | Reached skill level 12 in Polearms
 11600 | D:11     | Noticed a manticore
 11608 | D:11     | Killed a manticore
 11736 | D:11     | Noticed a four-headed hydra
 11746 | D:11     | Killed a five-headed hydra
 12048 | D:11     | Found a staircase to the Lair.
 12360 | D:4      | Bought a scroll of summoning for 123 gold pieces
 12360 | D:4      | Bought a scroll of immolation for 52 gold pieces
 12360 | D:4      | Bought a scroll of amnesia for 52 gold pieces
 12360 | D:4      | Bought a scroll of blinking for 97 gold pieces
 12550 | Lair:1   | Entered Level 1 of the Lair of Beasts
 12837 | Lair:1   | Noticed a seven-headed hydra
 12843 | Lair:1   | Killed a nine-headed hydra
 12844 | Lair:1   | Reached skill level 10 in Armour
 13346 | Lair:2   | Found a transporter.
 13391 | Lair:2   | Noticed a four-headed hydra
 13397 | Lair:2   | Reached XP level 12. HP: 71/80 MP: 10/13
 13399 | Lair:2   | Killed a six-headed hydra
 13400 | Lair:2   | Reached skill level 13 in Polearms
 13841 | Lair:2   | Noticed a catoblepas
 13853 | Lair:2   | Killed a catoblepas
 14015 | Lair:2   | Noticed a death yak
 14016 | Lair:2   | Noticed a death yak
 14016 | Lair:2   | Noticed a death yak
 14017 | Lair:2   | Noticed a death yak
 14017 | Lair:2   | Noticed a death yak
 14031 | Lair:2   | Noticed a death yak
 14033 | Lair:2   | Killed a death yak
 14036 | Lair:2   | Killed a death yak
 14039 | Lair:2   | Killed a death yak
 14040 | Lair:2   | Reached skill level 14 in Polearms
 14043 | Lair:2   | Killed a death yak
 14048 | Lair:2   | Killed a death yak
 14051 | Lair:2   | Killed a death yak
 14554 | Lair:2   | Found a transporter.
 14645 | Lair:2   | Reached skill level 15 in Polearms
 14645 | Lair:2   | Reached XP level 13. HP: 87/87 MP: 14/14
 15410 | Lair:3   | Found a staircase to the Shoals.
 15713 | Lair:3   | Found the +4 skin of Zhor {*Englaciate rC+++ SInv}
 16136 | Lair:3   | Reached skill level 16 in Polearms
 16191 | Lair:3   | Found a hole to the Spider Nest.
 16192 | Lair:3   | You are sucked into a shaft and drop 1 floor!
 16385 | Lair:4   | Noticed Rupert
 16393 | Lair:4   | Killed Rupert
 17120 | Lair:4   | Reached XP level 14. HP: 94/96 MP: 15/15
 17129 | Lair:4   | Identified the +1 morningstar "Grom" {venom, +Blink rN+}
 17489 | Lair:4   | Reached skill level 17 in Polearms
 17965 | Lair:2   | Identified the +1 pair of gloves of Winter {rPois Str+2}
 18375 | Lair:3   | Identified the +7 hand axe of the Chain {protect, Will++
                  | Dex+4 Stlth+}
 18820 | Lair:5   | Entered Level 5 of the Lair of Beasts
 18967 | Lair:5   | Found a runed translucent gate.
 18967 | Lair:5   | Found a runed translucent gate.
 18967 | Lair:5   | Found a runed translucent gate.
 18969 | Lair:5   | Noticed mdonais's ghost (journeyman OpCA)
 19048 | Lair:5   | Received a gift from Trog
 19439 | Lair:5   | Reached skill level 15 in Fighting
 19465 | Lair:5   | Reached XP level 15. HP: 94/103 MP: 16/16
 19574 | Lair:5   | Reached skill level 18 in Polearms
 19838 | Lair:5   | Found an ornate altar of the Wu Jian Council.
 19839 | Lair:5   | Found a hide-covered altar of Uskayaw.
 20676 | Lair:5   | Found a staircase to the Slime Pits.
 20678 | Lair:5   | Found a viscous altar of Jiyva.
 20806 | Lair:5   | Killed mdonais's ghost
 21107 | Orc:1    | Entered Level 1 of the Orcish Mines
 21215 | Orc:1    | Found Lafeub's Antique Weapon Shop.
 21958 | Orc:1    | Noticed an orc warlord
 21979 | Orc:1    | Reached ****** piety under Trog
 22009 | Orc:1    | Identified the +8 bardiche of Hirecich {flame, Str+4} (Trog
                  | gifted it to you on level 1 of the Orcish Mines)
 22009 | Orc:1    | Received a gift from Trog
 22018 | Orc:1    | Killed an orc warlord
 22019 | Orc:1    | Reached XP level 16. HP: 108/108 MP: 15/17
 22230 | Orc:1    | Acquired a +2 hat of willpower
 22241 | Orc:2    | Entered Level 2 of the Orcish Mines
 22241 | Orc:2    | Found a staircase to the Elven Halls.
 22321 | Orc:2    | Found Eny Guh's Jewellery Shop.
 22427 | Orc:2    | Bought an amulet of reflection for 420 gold pieces
 22782 | Orc:2    | Found Pawkim's General Store.
 22812 | Orc:2    | Reached skill level 19 in Polearms
 22833 | Orc:2    | Found Secwol's Distillery.
 23080 | Orc:2    | Bought a potion of heal wounds for 70 gold pieces
 23080 | Orc:2    | Bought a potion of heal wounds for 70 gold pieces
 23080 | Orc:2    | Bought a potion of heal wounds for 70 gold pieces
 23080 | Orc:2    | Bought a potion of attraction for 42 gold pieces
 24440 | Orc:2    | Gained mutation: You have a somewhat thin skeletal
                  | structure. (Dex +2, Stealth+) [a neqoxec]
 24887 | Orc:2    | Found Vamulydu's Book Boutique.
 24887 | Orc:2    | Found Meishruodd's Antique Armour Shop.
 24888 | Orc:2    | Found a one-way gate leading to the halls of Pandemonium.
 24892 | Orc:2    | Bought a glowing scarf for 256 gold pieces
 25071 | D:12     | Noticed Josephine
 25078 | D:12     | Killed Josephine
 25320 | D:12     | Received a gift from Trog
 26051 | D:13     | Found Woarchuwn's Armour Shop.
 26195 | D:13     | Found Ysmeth's Assorted Antiques.
 26203 | D:13     | Bought a scroll of identify for 54 gold pieces
 26265 | D:13     | Identified the +4 trident "Sibyeg" {flame, Int+5 Stlth+}
 26298 | D:13     | Found Alulav's Weapon Boutique.
 26699 | D:13     | Reached skill level 1 in Shields
 26818 | D:13     | Found a shimmering altar of Xom.
 26955 | D:14     | Noticed Snorg
 26966 | D:14     | Killed Snorg
 27002 | D:14     | Reached skill level 20 in Polearms
 27007 | D:14     | Found a frozen archway.
 27062 | IceCv    | Entered an ice cave
 29304 | D:14     | Found a blossoming altar of Fedhas.
 29394 | D:14     | Reached XP level 17. HP: 105/118 MP: 18/18
 29397 | D:14     | Acquired the +4 pair of gloves of Calculation {rC+}
 29511 | D:14     | Found a transporter.
 29520 | D:14     | Found a gate to the Vaults.
 29562 | D:14     | Received a gift from Trog
 29633 | D:14     | Noticed Gucebitu's ghost (journeyman DgHW)
 29634 | D:14     | Found a transporter.
 29986 | D:15     | Entered Level 15 of the Dungeon
 29994 | D:15     | Found Vidoroefa's Demolitions Depot.
 30012 | D:15     | Identified the +9 morningstar "robertstho's Foe" {venom,
                  | Int+2}
 30622 | D:15     | Found Juxkureu's Book Shop.
 30831 | D:15     | Found a staircase to the Depths.
 31426 | Spider:1 | Entered Level 1 of the Spider Nest
 31434 | Spider:1 | Reached skill level 21 in Polearms
 34017 | Spider:2 | Noticed Kirke
 34028 | Spider:2 | Killed Kirke
 34838 | Spider:2 | Noticed Frances
 34850 | Spider:2 | Killed Frances
 35194 | Spider:2 | Received a gift from Trog
 35195 | Spider:2 | Reached XP level 18. HP: 126/126 MP: 19/19
 35199 | Spider:2 | Reached skill level 22 in Polearms
 35971 | Spider:3 | Reached skill level 15 in Armour
 36512 | Spider:3 | Found the +8 autumn katana {vorpal, manifold assault}
 36678 | Spider:3 | HP: 4/128 [disintegration[a broodmother] (46)]
 37183 | Spider:3 | Found a runed translucent gate.
 37183 | Spider:3 | Found a runed translucent gate.
 37183 | Spider:3 | Found a runed translucent gate.
 37184 | Spider:3 | Noticed Cumomo's ghost (adept SpEn)
 37200 | Spider:3 | Killed Cumomo's ghost
 37395 | Spider:4 | Entered Level 4 of the Spider Nest
 37428 | Spider:3 | HP: 4/128 [spark wasp (12)]
 37846 | Spider:3 | Reached skill level 5 in Dodging
 38329 | Spider:4 | Reached skill level 1 in Evocations
 38525 | Spider:4 | Received a gift from Trog
 38659 | Spider:4 | Noticed Roxanne
 38672 | Spider:4 | Killed Roxanne
 39604 | Spider:4 | Found a runed translucent door.
 39604 | Spider:4 | Noticed Lotaimix's ghost (adept HOFi)
 39760 | Spider:4 | Noticed Agnes
 39780 | Spider:4 | Reached skill level 23 in Polearms
 40076 | Spider:4 | Killed Agnes
 40474 | Spider:4 | Got a gossamer rune of Zot
 40579 | Spider:4 | Killed Lotaimix's ghost
 40884 | Elf:1    | Entered Level 1 of the Elven Halls
 41137 | Vaults:1 | Entered Level 1 of the Vaults
 41426 | Vaults:1 | Received a gift from Trog
 41427 | Vaults:1 | Reached XP level 19. HP: 130/134 MP: 20/20
 41743 | Shoals:1 | Entered Level 1 of the Shoals
 41838 | Shoals:1 | Found Uloosa's Armour Boutique.
 42010 | Shoals:1 | Noticed Mlioglotl
 42012 | Shoals:1 | Noticed a bone dragon
 42019 | Shoals:1 | Killed Mlioglotl
 42518 | Shoals:1 | Identified the +0 halberd "Inigeuce" {flame, Dex+2}
 42925 | Shoals:2 | Noticed Ilsuiw
 43339 | Shoals:2 | Found Sicerux's Antique Armour Boutique.
 43677 | Shoals:2 | HP: 6/135 [drowned by a water elemental[Ilsuiw] (11)]
 43678 | Shoals:2 | HP: 2/135 [drowned by a water elemental[Ilsuiw] (11)]
 43678 | Shoals:2 | Killed from afar by Ilsuiw

Illustrated notes

Levels and vault maps discovered:
D:1:      psy_arrival_heroes, layout_loops_ring, serial_shops, shop,
          hangedman_abyss_or_decor_stabs, st_stairs_9, hangedman_decor_opposing,
          minmay_misc_feat_rows
D:2:      layout_loops_cross, basic_altar, dk_noncrumbling_3
D:3:      layout_basic
D:4:      minmay_skewed_foursquare, layout_cave_pools,
          gammafunk_temple_overflow_arena, kennysheep_okawaru_gauntlet,
          pdpol_wu_jian_five_deadly_venoms, serial_shops, shop
D:5:      layout_loops_ring, trog_hazing_becter, lemuel_temple_firewalk_b,
          minmay_misc_feat_x, roderic_serpentine_path, skrybe_limestone_x,
          minmay_manual_moon
D:6:      layout_loops_ring
D:7:      kennysheep_six_static_rooms, layout_loops_ring
D:8:      layout_gridville, nicolae_ru_great_annihilating_truth,
          eat_drink_and_be_merry_uskayaw, uniq_maggie
D:9:      layout_basic, nicolae_kikubaaqudgha_miasma_corner, orc_0_dummy,
          enter_bailey_3, nicolae_transmutations_shop
D:10:     layout_basic, mainiacjoe_overflow_24_doors,
          nicolae_trove_entry_diagonal, nicolae_kite_square_tiling_tiny,
          uniq_grum
D:11:     layout_basic, lair_entry_dummy
D:12:     kennysheep_big_flooded_room, layout_irregular_city, serial_demonic,
          serial_demonic_e, serial_demonic_c, serial_demonic_g,
          serial_demonic_d, serial_demonic_g, uniq_josephine
D:13:     layout_cave_pools, serial_shops, nicolae_shop_advertising_works
          [nicolae_subvault_shop_adworks], nicolae_shop_overgrown_old_shop,
          nicolae_stop_n_shop_2, xom_teletrap_fun
D:14:     layout_loops_cross, david_vaults_2,
          portal_ice_cave_entry_pillars_four, fedhas_altar_1,
          gammafunk_ghost_arena, uniq_snorg
D:15:     grunt_enter_depths_magical_seal, layout_gridville, dk_noncrumbling_2,
          serial_shops, shop, nicolae_blasting_shop
Lair:1:   lemuel_slime, layout_chaotic_city
Lair:2:   gammafunk_cloud_chamber, layout_regular_city
Lair:3:   layout_regular_city, shoals_dummy_entry, spider_nest_entry_webs,
          minmay_lair_oklob_items, hellmonk_guarded_unrand_zhor
Lair:4:   layout_regular_city, nzn_random_ring, grunt_megastairs_1,
          serial_bayou_shore_b, infiniplex_staircase_pool_2, uniq_rupert
Lair:5:   hangedman_lair_caniforms_friends, layout_gridlike,
          guppyfry_lair_end_dragon, dpeg_slime_entry_corner,
          maelrawn_ghost_gauntlet_escape, nzn_masters_of_martial_movement
Shoals:1: layout_shoals, serial_shops, shop, uniq_mlioglotl
Shoals:2: layout_shoals, serial_shops, nicolae_shop_behind_doors, uniq_ilsuiw
Spider:1: layout_chambers
Spider:2: layout_spider_delve, nicolae_crawler_farm, uniq_kirke, uniq_frances
Spider:3: layout_spider_delve, ebering_ghost_rock_garden
Spider:4: spider_rune_water, gammafunk_ghost_grave, uniq_agnes, uniq_roxanne
Orc:1:    cheibrodos_orc_arena, layout_diamond_mine, serial_shops,
          nicolae_shop_stone
Orc:2:    pf_orc_diabolical, layout_caves, serial_shops, shop
Elf:1:    elf_arrival_001, layout_geoelf_diagonals, minmay_elf_demonology,
          evilmike_ambush [evilmike_ambush_outer_basic,
          evilmike_ambush_inner_basic]
Vaults:1: vaults_room_hallway, v_alt_pattern_3,
          nicolae_vaults_mini_display_case, hangedman_vaults_trim, v_misc_16,
          nicolae_vaults_holding_cells, nicolae_vaults_little_ls, v_rooms_3,
          ontoclasm_vaults_gateway, nicolae_vaults_sealed_display,
          nicolae_vaults_yaktaur_gun_rack, v_pattern_4, v_misc_23,
          layout_vaults_omnicross

Skill      XL: |  1  2  3  4  5  6  7  8  9 10 11 12 13 14 15 16 17 18 19 |
---------------+----------------------------------------------------------+-----
Fighting       | 4 5 7 8 10 11 12 14 15 16 17 18 19 20 | 20.2
Polearms       | 4 5 6 8 9 11 12 15 16 17 18 20 21 23 | 23.4
Armour         | 3 5 6 8 9 10 11 12 13 14 15 | 15.9
Dodging        | 3 4 5 |  5.1
Stealth        | 1 2 |  2.6
Long Blades    | 4 |  4.3
Shields        | 1 2 3 4 |  4.8
Evocations     | 1 |  1.3

Action                   |  1- 3 |  4- 6 |  7- 9 | 10-12 | 13-15 | 16-18 | 19-21 || total
-------------------------+-------+-------+-------+-------+-------+-------+-------++-------
Melee: Spear             |   102 |   119 |   409 |    78 |       |       |       ||   708
       Kick              |    13 |    31 |   121 |   122 |   147 |   325 |    50 ||   809
       Peck              |     7 |    22 |    61 |    80 |    96 |   238 |    31 ||   535
       Punch             |       |       |    10 |     1 |       |       |       ||    11
       Halberd           |       |       |       |   170 |       |       |       ||   170
       Bardiche          |       |       |       |   179 |   501 |  1273 |    32 ||  1985
       Triple sword      |       |       |       |    39 |       |       |       ||    39
       Trident           |       |       |       |       |       |       |   158 ||   158
Invok: Berserk           |     1 |     3 |     8 |    15 |    13 |    30 |     1 ||    71
       Brothers in Arms  |       |       |       |     1 |     1 |     5 |       ||     7
       Trog's Hand       |       |       |       |     1 |       |     4 |     1 ||     6
Evoke: Wand              |       |       |       |     3 |     1 |    12 |       ||    16
       Condenser vane    |       |       |       |       |       |     1 |     1 ||     2
  Use: Scroll            |     1 |     1 |     3 |     6 |     6 |    18 |     4 ||    39
       Potion            |       |     3 |     3 |     4 |     1 |    12 |     7 ||    30
 Stab: Sleeping          |     1 |       |       |       |       |       |       ||     1
       Invisible         |       |       |       |     1 |       |       |     3 ||     4
       Paralysed         |       |       |       |     1 |       |       |       ||     1
Armor: Animal skin       |    10 |       |       |       |       |    13 |       ||    23
       Chain mail        |    11 |    29 |       |       |       |       |       ||    40
       Plate armour      |       |     2 |   137 |   269 |   258 |   521 |    68 ||  1255
Dodge: Dodged            |    28 |    44 |    88 |   253 |   228 |   800 |    65 ||  1506
Block: Other             |       |       |       |       |       |   218 |     2 ||   220
       Reflection        |       |       |       |       |       |     7 |    15 ||    22
       Tower shield      |       |       |       |       |       |       |   186 ||   186
